 Dungeon Crawl Stone Soup version 0.27.1-35-g4d5d836560 (webtiles) character file.

Game seed: 14489284544753535464

1000 Delamore the Cutter (level 8, -8/50 HPs)
             Began as an Octopode Brigand on May 4, 2022.
             Was an Initiate of Gozag.
             Splashed by a jelly's acid (11 damage)
             ... on level 6 of the Dungeon.
             The game lasted 00:05:52 (6220 turns).

Delamore the Cutter (Octopode Brigand)              Turns: 6220, Time: 00:05:52

Health: -8/50      AC: -11   Str: 11    XL:     8   Next: 19%
Magic:  8/8        EV: 12    Int: 13    God:    Gozag
Gold:   192        SH:  0    Dex: 15    Spells: 7/7 levels left

rFire    . . .     SeeInvis .   a - +2 dagger
rCold    . . .     Faith    .   (no shield)
rNeg     . . .     Spirit   .   (helmet restricted)
rPois    .         Reflect  .   p - amulet of magic regeneration
rElec    .         Harm     .   (no ring)
rCorr    .         Rampage  .   (no ring)
Will     .....                  (no ring)
Stlth    ++++......             (no ring)
HPRegen  0.16/turn              (no ring)
MPRegen  0.36/turn              (no ring)
                                (no ring)
                                (no ring)

@: corroded
A: almost no armour, amphibious, 8 rings, camouflage 1, gelatinous body 1,
(nimble swimmer 1), tentacles
a: Renounce Religion, Potion Petition, Call Merchant, Bribe Branch


You were on level 6 of the Dungeon.
You worshipped Gozag.
Gozag was aware of your devotion.
You visited 2 branches of the dungeon, and saw 7 of its levels.

You collected 232 gold pieces.
You paid 40 gold pieces to Gozag.

Inventory:

Hand Weapons
 a - a +2 dagger (weapon)
 i - a +0 rapier
Missiles
 b - 6 poisoned darts
 q - a curare-tipped dart (quivered)
 r - 6 boomerangs
Jewellery
 p - an amulet of magic regeneration (around mantle)
Scrolls
 f - a scroll of noise
 g - a scroll of amnesia {unknown}
 h - a scroll of torment
 j - 4 scrolls of teleportation
 k - 2 scrolls of vulnerability
 m - 2 scrolls of enchant armour {unknown}
 n - a scroll of identify
 o - a scroll of brand weapon {unknown}
Potions
 c - a potion of curing
 d - 2 potions of attraction
 e - a potion of lignification {unknown}
 l - a potion of haste


   Skills:
 - Level 2.0 Fighting
 * Level 7.8 Short Blades
 + Level 5.0 Throwing
 - Level 1.0 Dodging
 - Level 6.4 Stealth


You had 7 spell levels left.
You didn't know any spells.
Your spell library contained the following spells:

 Spells                   Type           Power      Damage    Failure   Level
 Pain                     Necr           0%         1d4       30%         1
 Sting                    Tmut/Pois      0%         1d3       30%         1
 Poisonous Vapours        Pois/Air       0%         N/A       43%         2
 Olgreb's Toxic Radiance  Pois           0%         N/A       97%         4
 Agony                    Necr           0%         N/A       100%        5
 Excruciating Wounds      Necr           0%         N/A       100%        5


Dungeon Overview and Level Annotations

Branches:
Dungeon (6/15)             Temple (1/1) D:5

Altars:
Cheibriados
Dithmenos
Elyvilon
Fedhas
Gozag
Hepliaklqana
Kikubaaqudgha
Makhleb
Nemelex Xobeh
Okawaru
Qazlal
Ru
Sif Muna
Trog
Vehumet
Wu Jian
Xom
Yredelemnul
Zin
Beogh

Shops:
D:1 *

Annotations:
D:5 3 runed translucent doors, Delamore's ghost, novice OpBr


Innate Abilities, Weirdness & Mutations

You cannot wear most types of armour.
You are amphibious.
You can wear up to eight rings at the same time.
Your skin changes colour to match your surroundings (Stealth+).
Your rubbery body absorbs attacks. (AC +1, EV +1)
((You are camouflaged near water. (Stealth+)))
You have tentacles for arms and can constrict up to eight enemies at once.


Message History

There is an open door here.
You open the door.
There is an open door here.
Found a stone staircase leading up.
Found a stone staircase leading down.
A jelly comes into view.
A jelly is nearby!
A jelly is nearby!
The jelly quivers.
Found 14 poisoned darts.
You hit the jelly but do no damage.
Your tentacles burn!
The jelly misses you.
You hit the jelly.
Your tentacles burn!
The jelly is moderately wounded.
You barely miss the jelly.
The jelly is moderately wounded.
The jelly hits you. The acid corrodes you!
You are splashed with acid!
You hit the jelly but do no damage.
Your tentacles burn!
The jelly is moderately wounded.
The jelly hits you.
You are splashed with acid!
You are too injured to fight recklessly!
You are too injured to fight recklessly!
You hit the jelly.
Your tentacles burn!
The jelly is heavily wounded.
You hit the jelly.
Your tentacles burn!
* * * LOW HITPOINT WARNING * * *
The jelly is severely wounded.
The jelly hits you.
* * * LOW HITPOINT WARNING * * *
The acid corrodes you!
You are splashed with acid.
* * * LOW HITPOINT WARNING * * *
You aren't carrying any items that you can evoke.
Unknown command.
You hit the jelly.
Your tentacles burn!
* * * LOW HITPOINT WARNING * * *
The jelly is severely wounded.
The jelly hits you.
* * * LOW HITPOINT WARNING * * *
The acid corrodes you!
You are splashed with acid!
You die...
Your body crumbles into a pile of gold.

$ #......# #......+
#......# ####......#
#....##'### #....#....#
#.<..#....# #....#....#
#..@.#..############
.......J.#..#..........#
$
....>....#..#..........#
.........#<.#..........#
.........#..'$.........#
.........####..........#
.........#..###'########
........(#..........).#
#............#


You could see a jelly.

Vanquished Creatures
  Eustachio (D:4)
  A water moccasin (D:5)
  A sky beast (D:5)
  An ogre (D:5)
  A scorpion (D:5)
  A water moccasin zombie (D:5)
  A bullfrog zombie (D:5)
  3 jellies
  3 orc priests (D:5)
  A hound (D:3)
  An iguana (D:4)
  An orc wizard (D:5)
  A howler monkey zombie (D:6)
  4 gnolls (D:2)
  4 adders
  An adder skeleton (D:5)
  2 worms
  2 dart slugs
  An orc (D:4)
  7 ball pythons
  12 endoplasms
  3 giant cockroaches
  8 goblins
  8 hobgoblins
  5 jackals
  4 quokkas
  11 bats
  4 frilled lizards
  5 kobolds
  5 rats
103 creatures vanquished.

Vanquished Creatures (others)
  A plant (D:2)
1 creature vanquished.

Grand Total: 104 creatures vanquished

Notes
Turn   | Place    | Note
-------+----------+-------------------------------------------
     0 | D:1      | Delamore the Octopode Brigand began the quest for the Orb.
     0 | D:1      | Reached XP level 1. HP: 14/14 MP: 1/1
    17 | D:1      | Found Millot's Assorted Antiques.
    55 | D:1      | Reached XP level 2. HP: 2/19 MP: 2/2
   508 | D:1      | Reached skill level 3 in Short Blades
   527 | D:1      | Reached XP level 3. HP: 24/24 MP: 3/3
  1086 | D:2      | Reached XP level 4. HP: 29/29 MP: 4/4
  1514 | D:2      | Reached skill level 4 in Short Blades
  1619 | D:2      | Found a faded altar of an unknown god.
  1911 | D:3      | Found an ancient bone altar of Kikubaaqudgha.
  1927 | D:3      | Found a snail-covered altar of Cheibriados.
  2033 | D:3      | Reached XP level 5. HP: 34/34 MP: 5/5
  2669 | D:4      | Noticed Eustachio
  3029 | D:4      | Reached skill level 5 in Short Blades
  3089 | D:4      | HP: 1/34 [bat[Eustachio] (1)]
  3473 | D:4      | Reached XP level 6. HP: 33/39 MP: 6/6
  3833 | D:4      | Killed Eustachio
  4102 | D:5      | Entered Level 5 of the Dungeon
  4130 | D:5      | Reached skill level 6 in Short Blades
  4130 | D:5      | Reached XP level 7. HP: 25/45 MP: 7/7
  4418 | D:5      | Found a runed translucent gate.
  4419 | D:5      | Found a runed translucent gate.
  4420 | D:5      | Found a runed translucent gate.
  4425 | D:5      | Noticed Delamore's ghost (novice OpBr)
  4425 | D:5      | Identified the +5 hunting sling of Doom {vorpal, rPois
                  | Will- Dex+2}
  4425 | D:5      | Identified the +1 leather armour of Opaur {rElec rF+ rC+}
  4524 | D:5      | HP: 2/45 [poisoned by a water moccasin]
  4848 | D:5      | Found a staircase to the Ecumenical Temple.
  4862 | Temple   | Entered the Ecumenical Temple
  4999 | Temple   | Became a worshipper of Gozag Ym Sagoz the Greedy
  5048 | D:5      | Reached skill level 7 in Short Blades
  5152 | D:5      | Reached XP level 8. HP: 26/50 MP: 8/8
  5657 | D:5      | Found a sparkling altar of Nemelex Xobeh.
  6168 | D:6      | Reached skill level 5 in Throwing
  6220 | D:6      | Splashed by a jelly's acid

Illustrated notes

Levels and vault maps discovered:
D:1:      tarquinn_simple_flora_water_d, layout_rooms, serial_shops,
          shop_statue, moated_statue, interstate_on_off
D:2:      layout_rooms, shapermc_ecumenical_altar_petra, minmay_distorted
D:3:      layout_rooms, mainiacjoe_overflow_large_starburst, hex_intersection,
          hangedman_glass_teeth, st_stairs_9
D:4:      layout_loops_ring, chequers_serial_rivers_small_a, uniq_eustachio
D:5:      layout_loops_corners, nemelex_dance_club_becter,
          minmay_temple_entry_junction_2, biasface_ghost_orc_armoury
D:6:      layout_gridville, ebering_ghost_rock_garden
Temple:   eino_temple_rhombus

Skill      XL: |  1  2  3  4  5  6  7  8 |
---------------+-------------------------+-----
Short Blades   | 3 4 5 6 7 |  7.8
Stealth        | 6 |  6.4
Throwing       | 3 4 5 |  5.0
Fighting       | |  2.0
Dodging        | |  1.0

Action                   |  1- 3 |  4- 6 |  7- 9 || total
-------------------------+-------+-------+-------++-------
Melee: Dagger            |    51 |   125 |    61 ||   237
       Constrict         |    13 |    28 |     5 ||    46
       Tentacles         |    10 |    31 |     7 ||    48
Throw: Dart              |    11 |    24 |     3 ||    38
  Use: Scroll            |       |     4 |       ||     4
       Potion            |       |     3 |       ||     3
 Stab: Sleeping          |     8 |    12 |     8 ||    28
       Distracted        |       |     1 |     1 ||     2
Armor: Skin              |     3 |     4 |       ||     7
Dodge: Dodged            |    27 |    71 |    18 ||   116
